 Dungeon Crawl Stone Soup version 0.28-a0-245-g639a1a48b9 (webtiles) character file.

Game seed: 7633651447589135739

127 Gobbopathe the Skirmisher (level 4, -2/32 (37) HPs)
             Began as a Demonspawn Chaos Knight on Aug 24, 2021.
             Was a Plaything of Xom.
             Slain by a kobold (4 damage)
             ... on level 3 of the Dungeon.
             The game lasted 00:06:27 (2029 turns).

Gobbopathe the Skirmisher (Demonspawn Chaos Knight) Turns: 2029, Time: 00:06:28

HP:   -2/32 (37)    AC:  6    Str: 13    XL:     4   Next: 85%
MP:   5/6           EV: 11    Int: 13    God:    Xom [......]
Gold: 82            SH:  0    Dex: 13    Spells: 5/5 levels left

rFire   . . .      SeeInvis .   a - +0 hand axe (chaos)
rCold   . . .      Faith    .   (no shield)
rNeg    . . .      Spirit   .   b - +2 leather armour
rPois   .          Reflect  .   (no helmet)
rElec   .          Harm     .   (no cloak)
rCorr   .          Rampage  .   g - +0 pair of gloves
Will    .....                   (no boots)
Stlth   +.........              (no amulet)
HPRegen 0.10/turn               (no ring)
MPRegen 0.10/turn               (no ring)

@: heavily drained
A: claws 2
a: Renounce Religion


You were on level 3 of the Dungeon.
You worshipped Xom.
You were a very special plaything of Xom.
You visited 1 branch of the dungeon, and saw 3 of its levels.

You collected 82 gold pieces.

Inventory:

Hand Weapons
 a - a +0 hand axe of chaos (weapon)
Armour
 b - a +2 leather armour (worn)
 g - a +0 pair of gloves (worn)
Scrolls
 c - 3 scrolls of identify {unknown}
 d - 2 scrolls of amnesia {unknown}
 e - a scroll of blinking {unknown}
 h - a scroll of holy word {unknown}
 n - a scroll of fog {unknown}
Potions
 f - a potion of brilliance {unknown}
 i - a potion of lignification {unknown}
 j - 2 potions of attraction {unknown}
 k - a potion of mutation {unknown}
 l - a potion of might {unknown}
 m - a potion of curing {unknown}


   Skills:
 * Level 4.1 Fighting
 + Level 3.2 Axes
 + Level 2.4 Armour
 + Level 1.8 Dodging
 + Level 1.3 Spellcasting


You had 5 spell levels left.
You didn't know any spells.
Your spell library contained the following spells:

 Spells                   Type           Power      Damage    Failure   Level
 Sting                    Tmut/Pois      0%         1d3       34%         1
 Poisonous Vapours        Pois/Air       0%         N/A       45%         2
 Olgreb's Toxic Radiance  Pois           0%         N/A       98%         4


Dungeon Overview and Level Annotations

Branches:
Dungeon (3/15)

Altars:
Ashenzari
Zin


Innate Abilities, Weirdness & Mutations

You have very sharp fingernails.


Message History

The adder closely misses you. The kobold hits you but does no damage.
The adder misses you.
Unknown command.
You hit the kobold but do no damage. You hit the adder. You drain the adder.
The kobold hits you with a +2 mace of protection.
The adder bites you but does no damage. The kobold misses you.
Unknown command.
You closely miss the kobold. You hit the adder. You burn the adder.
The adder closely misses you. The kobold hits you but does no damage.
The adder bites you but does no damage.
You barely miss the kobold. You closely miss the adder.
The kobold hits you with a +2 mace of protection.
You emit a cloud of colourful smoke!
The adder bites you but does no damage.
The kobold hits you with a +2 mace of protection.
* * * LOW HITPOINT WARNING * * *
Unknown command.
You barely miss the kobold. You barely miss the adder.
The kobold hits you with a +2 mace of protection.
* * * LOW HITPOINT WARNING * * *
The adder bites you but does no damage. The kobold hits you but does no damage.
The adder barely misses you.
Unknown command.
You hit the kobold but do no damage. You closely miss the adder.
The kobold barely misses you. The adder bites you but does no damage.
The kobold misses you.
You hit the kobold but do no damage. You hit the adder but do no damage.
Lightning courses through the adder!!
You kill the adder!
The kobold closely misses you.
You hit the kobold but do no damage.
The kobold hits you with a +2 mace of protection.
* * * LOW HITPOINT WARNING * * *
The kobold barely misses you.
You hit the kobold. You burn the kobold.
The kobold is heavily wounded.
The kobold hits you with a +2 mace of protection.
* * * LOW HITPOINT WARNING * * *
The kobold hits you with a +2 mace of protection.
You die...

****, #........,*,, ,# #
***,,,###......## *,,, ,*
# ****, ,#......#### ,, ,
* # , ,,, ,#..........,,
, , , ,
*,$..,,#..........,,,,,,,
,, , * ..######.#..####
*, , ****
*,..#_'.......### *,,,,,
* ,..####......§☼# *,,
,,, * *,.,,
,#.....§@§####... , , * ,
#.....☼†K......., *
,,#........####.##* ,, *
, #........# * ,,, , **
#........# , , #......?.#
* * #..........
#............
#............


You could see a kobold (fast).

Vanquished Creatures
  A howler monkey (D:3)
  4 adders (D:3)
  A worm (D:2)
  6 endoplasms
  5 giant cockroaches
  A goblin (D:1)
  5 hobgoblins
  2 jackals
  2 kobolds (D:2)
  6 ball pythons
  A bat (D:1)
  3 frilled lizards
  3 rats
40 creatures vanquished.

Vanquished Creatures (collateral kills)
  A gnoll (D:1)
  A giant cockroach (D:1)
  A goblin (D:1)
  A hobgoblin (D:1)
  A jackal (D:1)
  A kobold (D:1)
  A rat (D:1)
7 creatures vanquished.

Grand Total: 47 creatures vanquished

Notes
Turn   | Place    | Note
-------+----------+-------------------------------------------
     0 | D:1      | Gobbopathe the Demonspawn Chaos Knight began the quest for
                  | the Orb.
     0 | D:1      | Reached XP level 1. HP: 18/18 MP: 1/1
    16 | D:1      | XOM: silly message
   123 | D:1      | XOM: butterfly on damage
   125 | D:1      | Reached skill level 1 in Dodging
   138 | D:1      | XOM: divination: magic mapping
   343 | D:1      | XOM: silly message
   355 | D:1      | XOM: potion effect (might)
   357 | D:1      | XOM: cast spell 'Call Canine Familiar'
   371 | D:1      | Gained mutation: You have sharp fingernails. [demonic
                  | ancestry]
   371 | D:1      | Reached XP level 2. HP: 10/24 MP: 2/2
   915 | D:2      | Gained mutation: You have very sharp fingernails. [demonic
                  | ancestry]
   915 | D:2      | Reached XP level 3. HP: 29/29 MP: 3/3
  1232 | D:2      | Found a faded altar of an unknown god.
  1478 | D:2      | XOM: silly message
  1724 | D:3      | XOM: divination: magic mapping
  1730 | D:3      | Reached skill level 1 in Spellcasting
  1730 | D:3      | Reached XP level 4. HP: 33/37 MP: 5/5
  1751 | D:3      | Reached skill level 4 in Fighting
  1993 | D:3      | XOM: draining
  2006 | D:3      | Found a broken altar of Ashenzari.
  2014 | D:3      | XOM: confusion
  2024 | D:3      | XOM: smoke on damage
  2029 | D:3      | Slain by a kobold

Illustrated notes

Levels and vault maps discovered:
D:1:      dpeg_arrival_orchard, layout_rooms
D:2:      layout_basic, basic_ecumenical_altar, minmay_close_crescents
D:3:      layout_basic, ashenzari_conservatory_becter, zin_academy,
          nicolae_yredelemnul_corpse_copse, nicolae_overflow_hidden_temple,
          uniq_crazy_yiuf_cottage

Skill      XL: |  1  2  3  4 |
---------------+-------------+-----
Dodging        | 1 |  1.8
Armour         | 2 |  2.4
Axes           | 3 |  3.2
Spellcasting   | 1 |  1.3
Fighting       | 4 |  4.1

Action                   |  1- 3 |  4- 6 || total
-------------------------+-------+-------++-------
Melee: Hand axe          |   110 |    33 ||   143
Armor: Leather armour    |    33 |    18 ||    51
Dodge: Dodged            |    64 |    16 ||    80

Table legend: (Time is in decaauts)
 A = Elapsed time spent in this place.
 B = Non-inter-level travel time spent in this place.
 C = Inter-level travel time spent in this place.
 D = Time resting spent in this place.
 E = Time spent auto-exploring this place.
 F = Levels seen in this place.
 G = Mean time per level.
                   A        B        C        D        E       F      G
               +--------+--------+--------+--------+--------+-----+--------+
         Total |   2051 |   2025 |     26 |    337 |   1273 |   3 |  683.7 |
       Dungeon |   2051 |   2025 |     26 |    337 |   1273 |   3 |  683.7 |
               +--------+--------+--------+--------+--------+-----+--------+

Top non-repeatable levels by time:
     D:1: 897 daAuts
     D:2: 765 daAuts
     D:3: 389 daAuts
